TOP OF THE 1ST |
Tampa Pirates batting - Pitching for Fort Myers Palms : RHP Mark Jacob
|
Pitching: RHP Mark Jacob
|
|
Batting: SHB Craig Smajstrla
|
0-0: Ball 1-0: Ball 2-0: TRIPLE (Line Drive, 9D, EV 106.9 MPH)
|
Batting: LHB David Frederick
|
0-0: Ball 1-0: Ground out 5-3 (Groundball, 56S, EV 81.9 MPH) Craig Smajstrla scores
|
Batting: LHB Pedro Nunez
|
0-0: Called Strike 0-1: Swinging Strike 0-2: Strikes out swinging
|
Batting: RHB Gregory Norman
|
0-0: Ground out 4-3 (Groundball, 4, EV 97.5 MPH)
|
Top of the 1st over - 1 run, 1 hit, 0 errors, 0 left on base; Tampa 1 - Fort Myers 0 |
BOTTOM OF THE 1ST |
Fort Myers Palms batting - Pitching for Tampa Pirates : RHP Donald VanMarter
|
Pitching: RHP Donald VanMarter
|
|
Batting: RHB Stanley Baker
|
0-0: Ground out 6-3 (Groundball, 56D, EV 108.8 MPH)
|
Batting: RHB Johnny Evans
|
0-0: Called Strike 0-1: Ball 1-1: Foul Ball, location: 2F 1-2: Foul Ball, location: 2F 1-2: Foul Ball, location: 2F 1-2: Fly out, F9 (Line Drive, 9, EV 90.0 MPH)
|
Batting: LHB Gus Burgess
|
0-0: Foul Ball, location: 2F 0-1: Foul Ball, location: 2F 0-2: Ball 1-2: Foul Ball, location: 2F 1-2: Strikes out swinging
|
Bottom of the 1st over - 0 runs, 0 hits, 0 errors, 0 left on base; Tampa 1 - Fort Myers 0 |
TOP OF THE 2ND |
Tampa Pirates batting - Pitching for Fort Myers Palms : RHP Mark Jacob
|
Batting: LHB Alfredo Rodriguez
|
0-0: Ball 1-0: Ball 2-0: Ball 3-0: Called Strike 3-1: Ground out 4-3 (Groundball, 4, EV 81.3 MPH)
|
Batting: RHB Jason Porter
|
0-0: Called Strike 0-1: Called Strike 0-2: Foul Ball, location: 2F 0-2: Ground out 4-3 (Groundball, 4S, EV 85.0 MPH)
|
Batting: RHB Erwin Bryant
|
0-0: Called Strike 0-1: Ground out 6-3 (Groundball, 6, EV 106.9 MPH)
|
Top of the 2nd over - 0 runs, 0 hits, 0 errors, 0 left on base; Tampa 1 - Fort Myers 0 |
BOTTOM OF THE 2ND |
Fort Myers Palms batting - Pitching for Tampa Pirates : RHP Donald VanMarter
|
Batting: LHB James Atkinson
|
0-0: Swinging Strike 0-1: Swinging Strike 0-2: Strikes out swinging
|
Batting: RHB Lindon Duncan
|
0-0: Called Strike 0-1: Foul Ball, location: 2F 0-2: SINGLE (Line Drive, 78S, EV 96.9 MPH)
|
Batting: RHB Matt Sinatro
|
0-0: Ball Lindon Duncan steals 2nd base 1-0: Swinging Strike 1-1: Foul Ball, location: 2F 1-2: Fly out, F8 (Flyball, 89S, EV 86.3 MPH)
|
Batting: RHB Carl Nichols
|
0-0: Ball 1-0: Ball 2-0: Fly out, F7 (Flyball, 7, EV 93.8 MPH)
|
Bottom of the 2nd over - 0 runs, 1 hit, 0 errors, 1 left on base; Tampa 1 - Fort Myers 0 |
TOP OF THE 3RD |
Tampa Pirates batting - Pitching for Fort Myers Palms : RHP Mark Jacob
|
Batting: RHB Steven Young
|
0-0: Called Strike 0-1: Ball 1-1: Called Strike 1-2: Foul Ball, location: 2F 1-2: Ball 2-2: Ball 3-2: Base on Balls
|
Batting: RHB Roy Dixon
|
0-0: Fly out, F8 (Flyball, 8RD, EV 101.9 MPH)
|
Batting: SHB Craig Smajstrla
|
0-0: Ball 1-0: Swinging Strike 1-1: SINGLE (Line Drive, 9S, EV 98.8 MPH) Steven Young to second
|
Batting: LHB David Frederick
|
0-0: Ball 1-0: Called Strike 1-1: Ball 2-1: Swinging Strike 2-2: Ball 3-2: Base on Balls Steven Young to third Craig Smajstrla to second
|
Batting: LHB Pedro Nunez
|
0-0: Called Strike 0-1: Fielders Choice at 2nd, 3-6 (Groundball, 3S, EV 79.4 MPH) Steven Young scores Craig Smajstrla to third
|
Batting: RHB Gregory Norman
|
0-0: Fly out, F9 (Flyball, 89M, EV 86.9 MPH)
|
Top of the 3rd over - 1 run, 1 hit, 0 errors, 2 left on base; Tampa 2 - Fort Myers 0 |
BOTTOM OF THE 3RD |
Fort Myers Palms batting - Pitching for Tampa Pirates : RHP Donald VanMarter
|
Batting: RHB Jay Greb
|
0-0: Called Strike 0-1: Swinging Strike 0-2: Strikes out looking
|
Batting: SHB Porter Wyatt
|
0-0: Fly out, F8 (Flyball, 89M, EV 90.6 MPH)
|
Batting: RHB Stanley Baker
|
0-0: Foul Ball, location: 2F 0-1: Ball 1-1: Foul Ball, location: 2F 1-2: Ball 2-2: Ball 3-2: Foul Ball, location: 2F 3-2: Fly out, F8 (Flyball, 89M, EV 80.6 MPH)
|
Bottom of the 3rd over - 0 runs, 0 hits, 0 errors, 0 left on base; Tampa 2 - Fort Myers 0 |
TOP OF THE 4TH |
Tampa Pirates batting - Pitching for Fort Myers Palms : RHP Mark Jacob
|
Batting: LHB Alfredo Rodriguez
|
0-0: Called Strike 0-1: Fly out, F7 (Flyball, 78D, EV 89.4 MPH)
|
Batting: RHB Jason Porter
|
0-0: Called Strike 0-1: DOUBLE (Line Drive, 9LS, EV 104.4 MPH)
|
Batting: RHB Erwin Bryant
|
0-0: Called Strike 0-1: Ball 1-1: Foul Ball, location: 2F 1-2: Foul Ball, location: 2F 1-2: SINGLE (Groundball, 6M, EV 103.8 MPH) (infield hit) Jason Porter to third
|
Batting: RHB Steven Young
|
0-0: Called Strike 0-1: Fly out, F7 (Line Drive, 7, EV 91.9 MPH) Runner from 3rd tags up, OUT at HOME! 7-2
|
Top of the 4th over - 0 runs, 2 hits, 0 errors, 1 left on base; Tampa 2 - Fort Myers 0 |
BOTTOM OF THE 4TH |
Fort Myers Palms batting - Pitching for Tampa Pirates : RHP Donald VanMarter
|
Batting: RHB Johnny Evans
|
0-0: Ground out 4-3 (Groundball, 34, EV 90.6 MPH)
|
Batting: LHB Gus Burgess
|
0-0: Foul Ball, location: 2F 0-1: Ball 1-1: Foul Ball, location: 2F 1-2: Foul Ball, location: 2F 1-2: SINGLE (Groundball, 4M, EV 76.3 MPH) (infield hit)
|
Batting: LHB James Atkinson
|
0-0: Ball 1-0: Swinging Strike Gus Burgess steals 2nd base 1-1: Ball 2-1: Foul Ball, location: 2F 2-2: Ball 3-2: Foul Ball, location: 2F 3-2: Base on Balls
|
Batting: RHB Lindon Duncan
|
0-0: Called Strike Gus Burgess steals 3rd base James Atkinson to second 0-1: Ball 1-1: Foul Ball, location: 2F 1-2: SINGLE (Groundball, 6MD, EV 98.1 MPH) Gus Burgess scores James Atkinson to third Runner from 3rd tries for Home, SAFE, throw by CF to home
|
Batting: RHB Matt Sinatro
|
0-0: Ball 1-0: Swinging Strike 1-1: Called Strike 1-2: Strikes out swinging
|
Batting: RHB Carl Nichols
|
0-0: Called Strike 0-1: Ball 1-1: Ball 2-1: Ball 3-1: Base on Balls Lindon Duncan to second
|
Batting: RHB Jay Greb
|
0-0: Called Strike 0-1: Ball 1-1: Ball 2-1: Ball 3-1: Called Strike 3-2: SINGLE (Groundball, 15S, EV 70.0 MPH) (infield hit) Lindon Duncan to third Carl Nichols to second
|
Batting: SHB Porter Wyatt
|
0-0: Ball 1-0: Called Strike 1-1: Ball 2-1: Ball 3-1: Foul Ball, location: 2F 3-2: Fly out, F7 (Line Drive, 7, EV 100.6 MPH)
|
Bottom of the 4th over - 2 runs, 3 hits, 0 errors, 3 left on base; Tampa 2 - Fort Myers 2 |
TOP OF THE 5TH |
Tampa Pirates batting - Pitching for Fort Myers Palms : RHP Mark Jacob
|
Batting: RHB Roy Dixon
|
0-0: Fly out, F8 (Flyball, 78M, EV 93.8 MPH)
|
Batting: SHB Craig Smajstrla
|
0-0: Foul Ball, location: 2F 0-1: Foul Ball, location: 2F 0-2: DOUBLE (Line Drive, 89M, EV 97.5 MPH)
|
Batting: LHB David Frederick
|
0-0: Swinging Strike 0-1: Called Strike 0-2: Ground out U3 (Groundball, 3L, EV 99.4 MPH) Craig Smajstrla to third
|
Batting: LHB Pedro Nunez
|
0-0: Ground out 6-3 (Groundball, 56, EV 90.6 MPH)
|
Top of the 5th over - 0 runs, 1 hit, 0 errors, 1 left on base; Tampa 2 - Fort Myers 2 |
BOTTOM OF THE 5TH |
Fort Myers Palms batting - Pitching for Tampa Pirates : RHP Donald VanMarter
|
Batting: RHB Stanley Baker
|
0-0: Ball 1-0: Ball 2-0: Ball 3-0: Base on Balls
|
Batting: RHB Johnny Evans
|
0-0: Ball 1-0: Swinging Strike 1-1: Fly out, F9 (Flyball, 89M, EV 86.3 MPH)
|
Batting: LHB Gus Burgess
|
0-0: Ball 1-0: Ball 2-0: Swinging Strike 2-1: DOUBLE (Groundball, 3L, EV 95.6 MPH) Stanley Baker to third Runner from 3rd tries for Home, SAFE, no throw by RF
|
Batting: LHB James Atkinson
|
0-0: Ball Gus Burgess is caught stealing 3rd base 2-5 1-0: Ground out 5-3 (Groundball, 56, EV 101.3 MPH)
|
Bottom of the 5th over - 1 run, 1 hit, 0 errors, 0 left on base; Tampa 2 - Fort Myers 3 |
TOP OF THE 6TH |
Tampa Pirates batting - Pitching for Fort Myers Palms : RHP Mark Jacob
|
Batting: RHB Gregory Norman
|
0-0: Ball 1-0: Foul Ball, location: 2F 1-1: Foul Ball, location: 2F 1-2: Strikes out swinging
|
Batting: LHB Alfredo Rodriguez
|
0-0: Ball 1-0: Foul Ball, location: 2F 1-1: SOLO HOME RUN (Flyball, 89XD, EV 102.5 MPH), Distance : 410 ft
|
Batting: RHB Jason Porter
|
0-0: Ball 1-0: Called Strike 1-1: Ball 2-1: Ground out 2-3 (Groundball, 2L, EV 73.8 MPH)
|
Batting: RHB Erwin Bryant
|
0-0: DOUBLE (Line Drive, 78D, EV 103.1 MPH)
|
Batting: RHB Steven Young
|
0-0: Ball 1-0: Foul Ball, location: 2F 1-1: Ball 2-1: Ball 3-1: Called Strike 3-2: SINGLE (Line Drive, 4M, EV 98.1 MPH) Erwin Bryant to third Erwin Bryant scores
|
Batting: RHB Roy Dixon
|
0-0: Ground out 6-3 (Groundball, 6M, EV 81.9 MPH)
|
Top of the 6th over - 2 runs, 3 hits, 0 errors, 1 left on base; Tampa 4 - Fort Myers 3 |
BOTTOM OF THE 6TH |
Fort Myers Palms batting - Pitching for Tampa Pirates : RHP Donald VanMarter
|
Batting: RHB Lindon Duncan
|
0-0: Ball 1-0: Called Strike 1-1: Swinging Strike 1-2: Foul Ball, location: 2F 1-2: Ball 2-2: Ball 3-2: Foul Ball, location: 2F 3-2: Foul Ball, location: 2F 3-2: Base on Balls
|
Batting: RHB Matt Sinatro
|
0-0: Ball 1-0: Ball 2-0: Ball 3-0: Foul Ball, location: 2F 3-1: Called Strike 3-2: Foul Ball, location: 2F 3-2: Foul Ball, location: 2F 3-2: Base on Balls Lindon Duncan to second
|
Batting: RHB Carl Nichols
|
0-0: Called Strike 0-1: Fly out, F8 (Flyball, 8LD, EV 85.6 MPH)
|
Batting: RHB Jay Greb
|
0-0: Fly out, F8 (Flyball, 8RS, EV 89.4 MPH)
|
Batting: SHB Porter Wyatt
|
0-0: Ground out U3 (Groundball, 3, EV 83.8 MPH)
|
Bottom of the 6th over - 0 runs, 0 hits, 0 errors, 2 left on base; Tampa 4 - Fort Myers 3 |
TOP OF THE 7TH |
Tampa Pirates batting - Pitching for Fort Myers Palms : RHP Mark Jacob
|
Batting: SHB Craig Smajstrla
|
0-0: Fly out, F8 (Line Drive, 8RM, EV 86.9 MPH)
|
Batting: LHB David Frederick
|
0-0: Swinging Strike 0-1: Ball 1-1: Ball 2-1: Ball 3-1: SINGLE (Groundball, 34S, EV 63.8 MPH) (infield hit)
|
Batting: LHB Pedro Nunez
|
0-0: Ball 1-0: Reached on error, E3 (Groundball, 3, EV 89.4 MPH) David Frederick to second
|
Batting: RHB Gregory Norman
|
0-0: Ball 1-0: SINGLE (Line Drive, 89S, EV 100.0 MPH) David Frederick to third Pedro Nunez to second Runner from 3rd tries for Home, SAFE, throw by RF to home
|
Pitching: RHP David Thornton
|
|
Batting: LHB Alfredo Rodriguez
|
0-0: Ball 1-0: Foul Ball, location: 2F 1-1: Foul Ball, location: 2F 1-2: Foul Ball, location: 2F 1-2: Fielders Choice at 2nd, U6 (Groundball, 4M, EV 79.4 MPH) Pedro Nunez to third
|
Batting: RHB Jason Porter
|
0-0: Ball 1-0: SINGLE (Groundball, 6S, EV 68.8 MPH) (infield hit) Pedro Nunez scores Alfredo Rodriguez to second
|
Batting: RHB Erwin Bryant
|
0-0: Swinging Strike 0-1: Fielders Choice at 2nd, 6-4 (Groundball, 6, EV 85.0 MPH)
|
Top of the 7th over - 2 runs, 3 hits, 1 error, 2 left on base; Tampa 6 - Fort Myers 3 |
BOTTOM OF THE 7TH |
Fort Myers Palms batting - Pitching for Tampa Pirates : RHP Donald VanMarter
|
Batting: RHB Stanley Baker
|
0-0: Called Strike 0-1: Ball 1-1: Ball 2-1: Ball 3-1: Base on Balls
|
Batting: RHB Johnny Evans
|
0-0: Ball 1-0: Ball 2-0: Called Strike 2-1: SINGLE (Line Drive, 3D, EV 98.1 MPH) Stanley Baker to second Runner from 2nd tries for 3rd, SAFE, throw by RF made to third
|
Batting: LHB Gus Burgess
|
0-0: Called Strike 0-1: Ball 1-1: Ball 2-1: Ball 3-1: Foul Ball, location: 2F 3-2: Ground out 6-3 (Groundball, 6, EV 88.1 MPH) Stanley Baker scores Johnny Evans to second
|
Batting: LHB James Atkinson
|
0-0: Ball 1-0: Called Strike 1-1: Swinging Strike 1-2: Ball 2-2: Foul Ball, location: 2F 2-2: Ball 3-2: Foul Ball, location: 2F 3-2: Foul Ball, location: 2F 3-2: Base on Balls
|
Pinch Hitting: LHB Arthur Carlisi
|
0-0: Swinging Strike 0-1: Swinging Strike 0-2: Ball 1-2: Ball 2-2: Strikes out swinging
|
Batting: RHB Matt Sinatro
|
0-0: Ball 1-0: Ball 2-0: Ball 3-0: Base on Balls Johnny Evans to third James Atkinson to second
|
Batting: RHB Carl Nichols
|
0-0: Ball 1-0: Foul Ball, location: 2F 1-1: Fielders Choice at 2nd, 6-4 (Groundball, 6, EV 86.9 MPH)
|
Bottom of the 7th over - 1 run, 1 hit, 0 errors, 3 left on base; Tampa 6 - Fort Myers 4 |
TOP OF THE 8TH |
Tampa Pirates batting - Pitching for Fort Myers Palms : RHP David Thornton
|
Now at 3B: Paul Fryer
|
|
Batting: RHB Steven Young
|
0-0: Ball 1-0: Ball 2-0: Called Strike 2-1: Called Strike 2-2: Ball 3-2: Base on Balls
|
Batting: RHB Roy Dixon
|
0-0: Sac Bunt to 2R - play at first, batter OUT! 2-3 Steven Young to second
|
Batting: SHB Craig Smajstrla
|
0-0: Swinging Strike 0-1: Ball 1-1: Ball 2-1: Ball 3-1: Base on Balls
|
Batting: LHB David Frederick
|
0-0: Ball 1-0: Foul Ball, location: 2F 1-1: Foul Ball, location: 2F 1-2: Ball 2-2: Fielders Choice at 2nd, 2-6 (Groundball, 13S, EV 72.5 MPH) Steven Young to third
|
Batting: LHB Pedro Nunez
|
0-0: Swinging Strike 0-1: Foul Ball, location: 2F 0-2: 3-RUN HOME RUN (Flyball, 9LD, EV 89.4 MPH), Distance : 367 ft
|
Batting: RHB Gregory Norman
|
0-0: Ball 1-0: Ball 2-0: Fly out, F9 (Flyball, 9LM, EV 95.0 MPH)
|
Top of the 8th over - 3 runs, 1 hit, 0 errors, 0 left on base; Tampa 9 - Fort Myers 4 |
BOTTOM OF THE 8TH |
Fort Myers Palms batting - Pitching for Tampa Pirates : RHP Donald VanMarter
|
Batting: RHB Jay Greb
|
0-0: Ball 1-0: Fly out, F8 (Flyball, 78D, EV 77.5 MPH)
|
Batting: SHB Porter Wyatt
|
0-0: Called Strike 0-1: Ball 1-1: Ball 2-1: Ball 3-1: Swinging Strike 3-2: Fly out, F6 (Flyball, 6MD, EV 85.0 MPH)
|
Batting: RHB Stanley Baker
|
0-0: Ball 1-0: Foul Ball, location: 2F 1-1: Foul Ball, location: 2F 1-2: Foul Ball, location: 2F 1-2: Ball 2-2: Fly out, F7 (Line Drive, 7, EV 90.0 MPH)
|
Bottom of the 8th over - 0 runs, 0 hits, 0 errors, 0 left on base; Tampa 9 - Fort Myers 4 |
TOP OF THE 9TH |
Tampa Pirates batting - Pitching for Fort Myers Palms : RHP David Thornton
|
Pitching: RHP Mike Couchee
|
|
Batting: LHB Alfredo Rodriguez
|
0-0: Ball 1-0: Foul Ball, location: 2F 1-1: Ball 2-1: Ball 3-1: Base on Balls
|
Batting: RHB Jason Porter
|
0-0: Ball 1-0: 2-RUN HOME RUN (Flyball, 7LD, EV 103.8 MPH), Distance : 358 ft
|
Batting: RHB Erwin Bryant
|
0-0: Ball 1-0: Called Strike 1-1: Ball 2-1: Ball 3-1: Fly out, F8 (Flyball, 8LD, EV 95.6 MPH)
|
Batting: RHB Steven Young
|
0-0: Called Strike 0-1: Ball 1-1: Ball 2-1: Foul Ball, location: 2F 2-2: Fly out, F6 (Line Drive, 6, EV 78.1 MPH)
|
Batting: RHB Roy Dixon
|
0-0: SOLO HOME RUN (Line Drive, 9D, EV 105.6 MPH), Distance : 356 ft
|
Pinch Hitting: LHB Charles Rouse
|
0-0: Swinging Strike 0-1: TRIPLE (Flyball, 89XD, EV 95.0 MPH)
|
Pinch Hitting: RHB Jeffrey Narleski
|
0-0: Ball 1-0: Foul Ball, location: 2F 1-1: Fly out, F4 (Popup, 13, EV 79.4 MPH)
|
Top of the 9th over - 3 runs, 3 hits, 0 errors, 1 left on base; Tampa 12 - Fort Myers 4 |
BOTTOM OF THE 9TH |
Fort Myers Palms batting - Pitching for Tampa Pirates : RHP Donald VanMarter
|
Now at 2B: Charles Rouse
|
|
Now in LF: Edward Engstler
|
|
Batting: RHB Johnny Evans
|
0-0: Foul Ball, location: 2F 0-1: Foul Ball, location: 2F 0-2: Fly out, F8 (Line Drive, 8RD, EV 88.1 MPH)
|
Batting: LHB Gus Burgess
|
0-0: Called Strike 0-1: Ball 1-1: Ball 2-1: Foul Ball, location: 2F 2-2: Foul Ball, location: 2F 2-2: Ground out 3-1 (Groundball, 34S, EV 83.8 MPH)
|
Batting: LHB James Atkinson
|
0-0: Ball 1-0: Foul Ball, location: 2F 1-1: Ball 2-1: Foul Ball, location: 2F 2-2: Ball 3-2: Foul Ball, location: 2F 3-2: Base on Balls
|
Pitching: LHP George Persandi
|
|
Batting: RHB Paul Fryer
|
0-0: Called Strike 0-1: Ball 1-1: Called Strike 1-2: Fielders Choice at 2nd, 6-4 (Groundball, 6, EV 98.1 MPH)
|
Bottom of the 9th over - 0 runs, 0 hits, 0 errors, 1 left on base; Tampa 12 - Fort Myers 4 |
|